 Dungeon Crawl Stone Soup version 0.29.1-1-gd02db6906a (webtiles) character file.

Game seed: 5373993042801213939

85 themarg the Conjurer (level 4, -5/24 HPs)
             Began as a Tengu Conjurer on Sept 18, 2022.
             Killed from afar by Ijyb (18 damage)
             ... with an iceblast
             ... on level 3 of the Dungeon.
             The game lasted 00:07:06 (1755 turns).

themarg the Conjurer (Tengu Conjurer)               Turns: 1755, Time: 00:07:07

Health: -5/24      AC:  3    Str:  7    XL:     4   Next: 48%
Magic:  2/9        EV: 12    Int: 20    God:
Gold:   187        SH:  0    Dex: 13    Spells: 5/8 levels left

rFire   . . .      SeeInvis .   f - +0 dagger
rCold   . . .      Faith    .   (no shield)
rNeg    . . .      Spirit   .   a - +0 robe
rPois   .          Reflect  .   (helmet restricted)
rElec   .          Harm     .   (no cloak)
rCorr   .          Rampage  .   c - +0 pair of gloves
Will    .....                   (boots unavailable)
Stlth   ++........              (no amulet)
HPRegen 0.08/turn               (no ring)
MPRegen 0.11/turn               (no ring)

@: no status effects
A: beak, talons 3
a: no special abilities


You were on level 3 of the Dungeon.
You visited 1 branch of the dungeon, and saw 3 of its levels.

You collected 187 gold pieces.

Inventory:

Hand Weapons
 f - a +0 dagger (weapon)
Missiles
 j - 2 curare-tipped darts
Armour
 a - a +0 robe (worn)
 c - a +0 pair of gloves (worn)
Scrolls
 d - a scroll of poison {unknown}
 e - 4 scrolls of identify {unknown}
 i - a scroll of silence {unknown}
 k - a scroll of enchant armour {unknown}
 l - 2 scrolls of fear {unknown}
 n - a scroll of blinking {unknown}
Potions
 b - a potion of magic
 g - a potion of resistance {unknown}
 h - 2 potions of heal wounds {unknown}
 m - a potion of mutation {unknown}
 o - a potion of might {unknown}


   Skills:
 - Level 3.0 Dodging
 - Level 3.0 Stealth
 + Level 2.7 Spellcasting
 + Level 6.0 Conjurations


You had 5 spell levels left.
You knew the following spells:

 Your Spells              Type           Power      Damage    Failure   Level
a - Magic Dart            Conj           100%       1d8       1%          1
b - Searing Ray           Conj           54%        2d6       1%          2

Your spell library contained the following spells:

 Spells                   Type           Power      Damage    Failure   Level
 Dazzling Flash           Conj/Hex       28%        N/A       13%         3
 Fulminant Prism          Conj/Hex       7%         3d7       38%         4
 Iskenderun's Mystic Bla  Conj/Tloc      14%        2d5       38%         4


Dungeon Overview and Level Annotations

Branches:
Dungeon (3/15)

Altars:
Ru

Annotations:
D:3 Ijyb


Innate Abilities, Weirdness & Mutations

You have a beak for a mouth.
You have claws for feet.


Message History

You can't see any susceptible monsters within range! (Use Z to cast anyway.)
Casting: Magic Dart (safe; 1% risk of failure)
Confirm with . or Enter, or press ? or * to list all spells.
Aiming: Magic Dart (safe; 1% risk of failure)
Press: ? - help, Shift-Dir - straight line, f/p - Ijyb
Aim: Ijyb, wielding a +6 club, wearing a +3 ring mail of cold resistance and carrying a wand of iceblast (12) (moderately wounded, 100% to hit)
You miscast Magic Dart.
You are very lightly contaminated with residual magic.
Nothing appears to happen.
Casting: Magic Dart (safe; 1% risk of failure)
Confirm with . or Enter, or press ? or * to list all spells.
Aiming: Searing Ray (safe; 1% risk of failure)
Press: ? - help, Shift-Dir - straight line, f/p - Ijyb
Aim: Ijyb, wielding a +6 club, wearing a +3 ring mail of cold resistance and carrying a wand of iceblast (12) (moderately wounded, 77% to hit)
The searing ray hits Ijyb.
Ijyb is heavily wounded. (Press . to maintain the ray.)
The searing ray hits Ijyb.
Ijyb is heavily wounded.
Ijyb screams, "Die!"
The searing ray hits Ijyb.
Ijyb is heavily wounded.
The searing ray hits Ijyb.
Ijyb is severely wounded.
You finish channelling your searing ray.
Ijyb barely misses you.
An orc comes into view. It is wielding a +0 club.
You barely miss Ijyb. You claw Ijyb, but do no damage. Your peck misses Ijyb.
Ijyb is severely wounded.
Ijyb hits you with a +6 club.
You hit Ijyb. You claw Ijyb, but do no damage.
Ijyb is severely wounded.
Ijyb drinks a potion.
Ijyb is healed!
Your magical contamination has completely faded away.
Ijyb attacks as you move away! Ijyb barely misses you.
There is an open door here.
Ijyb screams, "I no like you!"
Ijyb zaps a wand.
The mass of ice explodes!
The iceblast engulfs you!!
Ouch! That really hurt!
You die...

...##...............#
...##...............####
...########......##.....
..>.....#...............
........#...............
##......#...###........#
........#...#.........
..#######...#......####
..... #.......@.....#
......###.####........#
............ #..g.....#
.(.......... +o.........
......#.....##..........
........†'.......#.#
#.....#.#.......# .
..#.##..#..#....# +
#......#....#


You could see Ijyb and an orc.

Vanquished Creatures
  Jessica (D:2)
  3 adders
  A ball python (D:1)
  5 bats
  5 giant cockroaches
  A goblin (D:2)
  5 hobgoblins
  5 kobolds (D:1)
  A quokka (D:3)
  A frilled lizard (D:2)
  2 rats
30 creatures vanquished.

Vanquished Creatures (others)
  6 toadstools (D:1)
6 creatures vanquished.

Grand Total: 36 creatures vanquished

Notes
Turn   | Place    | Note
-------+----------+-------------------------------------------
     0 | D:1      | themarg the Tengu Conjurer began the quest for the Orb.
     0 | D:1      | Reached XP level 1. HP: 10/10 MP: 4/4
   254 | D:1      | Found a faded altar of an unknown god.
   533 | D:1      | Reached XP level 2. HP: 15/15 MP: 4/6
   536 | D:1      | Learned a level 2 spell: Searing Ray
  1071 | D:2      | Reached XP level 3. HP: 19/19 MP: 2/7
  1266 | D:2      | Noticed Jessica
  1268 | D:2      | Killed Jessica
  1269 | D:2      | Reached XP level 4. HP: 24/24 MP: 5/8
  1472 | D:3      | Found a sacrificial altar of Ru.
  1533 | D:3      | Reached skill level 6 in Conjurations
  1740 | D:3      | Noticed Ijyb
  1755 | D:3      | Killed from afar by Ijyb

Illustrated notes

Levels and vault maps discovered:
D:1:      dpeg_arrival_signposts, layout_basic, basic_ecumenical_altar,
          minmay_gold_behind_fungi
D:2:      layout_rooms, serial_bayou_pond_e, uniq_jessica
D:3:      layout_basic, old_standard_altar, mainiacjoe_overflow_cross_hatched,
          uniq_ijyb, uniq_crazy_yiuf_cottage

Skill      XL: |  1  2  3  4 |
---------------+-------------+-----
Dodging        | 3 |  3.0
Conjurations   | 6 |  6.0
Stealth        | 3 |  3.0
Spellcasting   | |  2.7

Action                   |  1- 3 |  4- 6 || total
-------------------------+-------+-------++-------
Melee: Dagger            |       |     3 ||     3
       Kick              |       |     3 ||     3
 Cast: Magic Dart        |    31 |    15 ||    46
       Searing Ray       |     4 |     2 ||     6
Armor: Robe              |     9 |       ||     9
Dodge: Dodged            |    17 |     6 ||    23
